 Dungeon Crawl Stone Soup version 0.24.0-125-gc4c63601f3 (webtiles) character file.

Game seed: 10341386760695590814, levelgen mode: deterministic

271974 Booyan the Warrior (level 19, 0/165 HPs)
             Began as a Demonspawn Abyssal Knight on Mar 20, 2020.
             Was a High Priest of Lugonu.
             Slain by a sun demon (6 damage)
             ... led by a balrug
             ... on level 1 of the Abyss.
             The game lasted 03:09:40 (55575 turns).

Booyan the Warrior (Demonspawn Abyssal Knight)     Turns: 55575, Time: 03:09:40

Health: 0/165      AC: 24    Str: 20    XL:     19   Next: 46%
Magic:  25/25      EV: 21    Int: 14    God:    Lugonu [*****.]
Gold:   1715       SH:  0    Dex: 16    Spells: 16/18 levels left

rFire    + . .     SeeInvis .   w - +12 Vampire's Tooth {vamp}
rCold    + + .     Gourm    .   (no shield)
rNeg     . . .     Faith    .   I - +4 chain mail {MR+}
rPois    +         Spirit   .   Z - +2 hat
rElec    +         Reflect  .   F - +1 cloak of Starlight {rElec rC+ EV+4 Stlth--}
rCorr    .         Harm     .   a - +2 pair of gloves {Dex+3}
MR       ++++.                  (boots unavailable)
Stlth    ..........             h - amulet of the acrobat
HPRegen  0.37/turn              g - ring of protection from magic
MPRegen  0.19/turn              J - ring "Visex" {rPois rC+ MR+}

@: very slightly contaminated, invisible, repel missiles
A: talons 3, repulsion field 3, clumsy 1, fire resistance 1, foul stench 2,
nightstalker 3, strong 1, rot immunity, flame cloud immunity
}: 2/15 runes: barnacled, gossamer
a: Depart the Abyss, Bend Space, Banish, Corrupt, Enter the Abyss, Renounce
Religion


You were on level 1 of the Abyss.
You worshipped Lugonu.
Lugonu was extremely pleased with you.
You were not hungry.

You visited 6 branches of the dungeon, and saw 33 of its levels.
You visited the Abyss 2 times.
You also visited: Ice Cave.

You collected 3136 gold pieces.
You spent 1421 gold pieces at shops.

Inventory:

Hand Weapons
 u - a +2 great sword of electrocution
 w - the +12 Vampire's Tooth (weapon) {vamp}
   (You found it on level 10 of the Dungeon)

   It inflicts no extra harm, but heals its wielder when it wounds a living foe.
Missiles
 r - 55 javelins (quivered)
 G - 16 silver javelins
 X - 12 throwing nets
Armour
 a - a +2 pair of gloves of dexterity (worn)
 F - the +1 cloak of Starlight (worn) {rElec rC+ EV+4 Stlth--}
   (You bought it in a shop on level 2 of the Orcish Mines)

   It affects your evasion (+4).
   It protects you from cold.
   It insulates you from electricity.
   It makes you much less stealthy.
 I - a +4 chain mail of magic resistance (worn)
 T - a +0 plate armour
 V - a +0 shield
 Z - a +2 hat (worn)
Jewellery
 e - an uncursed ring of ice
 g - a ring of protection from magic (left hand)
 h - an amulet of the acrobat (around neck)
 j - a cursed ring of teleportation {unknown}
 o - an uncursed ring of see invisible
 y - an uncursed ring of protection from fire
 J - the ring "Visex" (right hand) {rPois rC+ MR+}
   (You took it off a merfolk on level 4 of the Shoals)

   [ring of protection from cold]

   It protects you from cold.
   It protects you from poison.
   It affects your resistance to hostile enchantments.
Wands
 v - a wand of paralysis (18)
 x - a wand of digging (15)
 E - a wand of acid (33)
 Q - a wand of iceblast (8)
Scrolls
 d - 6 scrolls of identify
 i - 12 scrolls of remove curse
 k - 2 scrolls of fog
 l - 9 scrolls of enchant armour
 m - 3 scrolls of silence
 s - 7 scrolls of teleportation
 t - 7 scrolls of magic mapping
 B - 6 scrolls of immolation
 M - 6 scrolls of enchant weapon
 O - 4 scrolls of fear
 U - a scroll of amnesia
Potions
 f - 15 potions of curing
 n - 2 potions of resistance
 q - 5 potions of might
 z - a potion of lignification
 A - a potion of mutation
 C - a potion of flight
 K - 3 potions of ambrosia
 N - 4 potions of brilliance
 P - 4 potions of haste
 S - 3 potions of magic
 W - a potion of berserk rage
 Y - 2 potions of cancellation
Comestibles
 c - 48 rations


   Skills:
 - Level 18.7 Fighting
 - Level 18.2 Long Blades
 - Level 7.7 Throwing
 - Level 12.2 Armour
 - Level 7.9 Dodging
 - Level 2.0 Stealth
 + Level 6.2 Charms
 + Level 6.3 Air Magic
 - Level 8.2 Invocations
 - Level 9.0 Evocations


You had 16 spell levels left.
You knew the following spells:

 Your Spells              Type           Power        Failure   Level  Hunger
a - Swiftness             Chrm/Air       ###.....     22%         2    ###....

Your spell library contained the following spells:

 Spells                   Type           Power        Failure   Level  Hunger
 Airstrike                Air            ###.......   80%         4    #####..
 Static Discharge         Conj/Air       #.......     83%         3    ####...
 Magic Dart               Conj           #...         88%         1    ##.....
 Sandblast                Erth           #.....       88%         1    ##.....
 Summon Butterflies       Summ           #.......     88%         1    ##.....
 Passwall                 Tmut/Erth      #.......     95%         2    ###....
 Searing Ray              Conj           #.....       95%         2    ###....
 Call Canine Familiar     Summ           #.......     99%         3    ####...
 Dazzling Spray           Conj/Hex       #.....       99%         3    ####...
 Stone Arrow              Conj/Erth      #.....       99%         3    ####...
 Force Lance              Conj/Tloc      #.......     100%        4    #####..
 Fulminant Prism          Conj/Hex       #.........   100%        4    #####..
 Iskenderun's Mystic Bla  Conj           #.......     100%        4    #####..
 Leda's Liquefaction      Hex/Erth       #.........   100%        4    #####..
 Petrify                  Tmut/Erth      #.......     100%        4    #####..
 Bolt of Magma            Conj/Fire/Erth #.........   100%        5    ######.
 Borgnjor's Vile Clutch   Necr/Erth      #.........   100%        5    ######.
 Iskenderun's Battlesphe  Conj/Chrm      #.......     100%        5    ######.
 Venom Bolt               Conj/Pois      #.........   100%        5    ######.
 Deflect Missiles         Chrm/Air       ###.......   100%        6    #######
 Iron Shot                Conj/Erth      #.........   100%        6    #######
 Statue Form              Tmut/Erth      #........    100%        6    #######
 Orb of Destruction       Conj           #.........   100%        7    #######
 Spellforged Servitor     Conj/Summ      #.........   100%        7    #######
 Shatter                  Erth           #.........   100%        9    #######


Dungeon Overview and Level Annotations

Branches:
Dungeon (15/15)            Temple (0/1) D:4            Lair (6/6) D:9
 Shoals (4/4) Lair:4       Spider (4/4) Lair:2        Slime (0/5) Lair:5
    Orc (2/2) D:9             Elf (2/3) Orc:2        Vaults (0/5) D:14
 Depths (0/5) D:15          IceCv (visited)

Altars:
Ashenzari
Makhleb
Nemelex Xobeh
Sif Muna
Uskayaw
Wu Jian
Xom
Zin
Beogh
Jiyva

Shops:
D:5 *   D:10 ?   Orc:2 [(**   Elf:2 [   Shoals:1 (

Annotations:
D:7 2 runed translucent doors, CannibalFerox's ghost, novice DgHu
D:11 exclusion: obsidian statue
D:14 Roxanne
Elf:1 1 exclusion


Innate Abilities, Weirdness & Mutations

You have claws for feet.
You are surrounded by a strong repulsion field. (EV +4, RMsl)
Your flesh is heat resistant. (rF+)
You frequently emit foul miasma when damaged in melee.
You are completely attuned to the shadows.
You are immune to rotting.
You are immune to clouds of flame.
You are clumsy. (Dex -2)
Your muscles are strong. (Str +2)


Message History

The sun demon hits you.
* * * LOW HITPOINT WARNING * * *
You are engulfed in flames.
You resist.
* * * LOW HITPOINT WARNING * * *
You puncture the sun demon!
The sun demon is moderately wounded.
You puncture the sun demon! Your kick misses the sun demon.
The sun demon is heavily wounded.
You closely miss the sun demon. You claw the sun demon.
The sun demon is heavily wounded.
The sun demon closely misses you.
You puncture the sun demon!
The sun demon is severely wounded.
A starcursed mass splits.
You hit the sun demon.
The sun demon is severely wounded.
The sun demon hits you!
* * * LOW HITPOINT WARNING * * *
You are engulfed in flames.
You resist.
You die...

#.. # .X
X### .#.#X#.
. .) .
#XXX... ..
#4 . . ### .
..# # #.
.X##.###.#.#
# # # ##X#.
. # #.# #. #
X..# # # #
###3..# . .
#.@##.# ≈ #
#..# # ####
≈ . ≈


You could see 2 starcursed masses and a sun demon.

Vanquished Creatures
  Rupert (D:14)
  Polyphemus (Shoals:3)
  Frances (D:12)
  A kraken (Shoals:4)
  3 tentacled starspawn (Abyss:1)
  2 thorn hunters (Elf:1)
  Donald (Spider:3)
  2 deep elf sorcerers (Elf:1)
  4 ghost moths
  An orc warlord (Orc:2)
  A deep elf elementalist (Elf:1)
  Aizul (Spider:2)
  4 emperor scorpions
  A balrug (Abyss:1)
  5 entropy weavers
  Nessos (D:14)
  A juggernaut skeleton (D:15)
  4 merfolk javelineers (Shoals:4)
  6 merfolk impalers
  The ghost of terrence the Protected, a journeyman MiFi of the Shining One (Shoals:1)
  7 hydras
  6 centaur warriors
  6 merfolk aquamancers (Shoals:4)
  2 catoblepae
  19 dancing weapons
  2 ogre magi
  13 two-headed ogres
  4 merfolk avatars
  5 satyrs
  A vampire mage (D:15)
  15 death yaks
  3 tengu warriors (D:15)
  Urug (D:12)
  3 thrashing horrors (Abyss:1)
  4 orc high priests (Orc:2)
  13 deep elf knights
  2 skeletal warriors (D:15)
  9 sea snakes
  A death drake (shapeshifter) (Elf:2)
  10 starcursed masses (Abyss:1)
  2 unseen horrors
  5 deep elf archers
  6 harpies (Shoals:4)
  3 wizards
  8 orc knights
  A fire giant zombie (D:15)
  15 orb spiders
  A necromancer (D:15)
  A stone giant zombie (D:15)
  26 deep elf magi
  5 orc sorcerers
  32 wolf spiders
  14 ugly things
  6 cyclopes
  8 manticores
  19 fauns
  7 merfolk sirens
  4 moths of wrath
  4 black mambas
  3 molten gargoyles (Elf:1)
  3 torpor snails
  8 water nymphs
  A smoke demon (Abyss:1)
  22 spiny frogs
  3 gargoyles
  2 hellwings (Abyss:1)
  4 komodo dragons
  2 yaktaurs
  A kobold demonologist (D:15)
  4 rime drakes
  2 ancient zymes (Abyss:1)
  2 efreet (D:15)
  A tengu conjurer (D:15)
  11 demonic crawlers
  A freezing wraith (D:15)
  8 trolls
  12 wind drakes
  32 merfolk
  8 tyrant leeches
  45 jumping spiders
  7 hornets
  26 blink frogs
  A fire dragon zombie (D:15)
  Prince Ribbit (Lair:2)
  16 dream sheep
  11 hippogriffs
  A vampire (D:13)
  6 snapping turtles
  5 air elementals
  A flying skull (Abyss:1)
  12 water elementals
  A shapeshifter (D:13)
  2 shadows (D:15)
  89 redbacks
  A wraith (D:11)
  44 tarantellas
  3 wyverns
  A large abomination (Abyss:1)
  3 fire elementals (Elf:1)
  13 humans (D:14)
  A spriggan (D:7)
  42 yaks
  3 basilisks
  A chaos spawn (Abyss:1)
  3 small abominations (Abyss:1)
  11 vampire mosquitoes
  7 wargs
  A hungry ghost (D:7)
  3 swamp worms (D:14)
  3 soldier ants
  6 porcupines
  10 water moccasins
  42 orc warriors
  A sky beast (shapeshifter) (Elf:2)
  10 ice beasts
  3 sky beasts
  2 black bears
  An eye of draining (D:15)
  A hornet zombie (D:14)
  A necrophage (D:10)
  4 phantoms
  15 ogres
  6 boggarts
  21 centaurs
  8 crocodiles
  Blork the orc (D:6)
  4 big kobolds
  23 bullfrogs
  10 earth elementals
  A gnoll sergeant (D:11)
  A wyvern skeleton (D:11)
  2 scorpions (D:14)
  11 killer bees
  7 wights
  2 howler monkeys
  4 electric eels
  4 bullfrog zombies
  5 crimson imps
  A centaur zombie (D:7)
  A quasit (Abyss:1)
  A jelly (D:11)
  5 hounds
  3 centaur skeletons
  31 orc priests
  21 orc wizards
  A bullfrog skeleton (D:7)
  6 iguanas
  14 worker ants
  2 hound zombies
  3 worker ant zombies
  16 adders
  4 gnolls (D:11)
  2 shadow imps
  An ufetubus (Abyss:1)
  4 oozes
  4 adder skeletons
  2 adder zombies
  2 worms
  A dart slug (D:3)
  4 leopard geckos
  96 orcs
  3 giant cockroaches
  8 goblins
  9 hobgoblins
  5 jackals
  5 quokkas
  A ball python (D:1)
  6 bats
  2 frilled lizards
  24 kobolds
  2 quokka skeletons
  6 rats
  2 fire vortices (Elf:1)
  A fungus (D:9)
  A lurking horror (Abyss:1)
  2 plants
  A starspawn tentacle (Abyss:1)
  3 tentacles (Shoals:4)
1341 creatures vanquished.

Vanquished Creatures (others)
  An entropy weaver (Spider:3)
  A lindwurm (Lair:6)
  A deep elf mage (Elf:1)
  4 orb spiders
  2 black mambas
  A spiny frog (Lair:6)
  A tyrant leech (Lair:6)
  2 vampires (D:10)
  3 humans (D:14)
  A vampire mosquito (D:10)
  A bullfrog (D:14)
  A killer bee (D:9)
  An orc priest (Orc:2)
  An orc (Orc:2)
  A kobold (D:14)
  A fire vortex (Elf:1)
  13 fungi
  61 plants
  5 starspawn tentacles (Abyss:1)
  8 tentacles (Shoals:4)
  A withered plant (D:15)
111 creatures vanquished.

Grand Total: 1452 creatures vanquished

Notes
Turn   | Place    | Note
-------+----------+-------------------------------------------
     0 | Abyss:1  | Booyan the Demonspawn Abyssal Knight began the quest for
                  | the Orb.
     0 | Abyss:1  | Reached XP level 1. HP: 18/18 MP: 2/2
   102 | Abyss:1  | Noticed a tentacled starspawn
   123 | Abyss:1  | Noticed a starcursed mass
   125 | D:1      | Escaped the Abyss
   257 | D:1      | Found a shattered altar of Ashenzari.
   302 | D:1      | Reached * piety under Lugonu
   302 | D:1      | Gained mutation: You have sharp toenails. [demonic
                  | ancestry]
   302 | D:1      | Reached XP level 2. HP: 17/24 MP: 3/3
  1405 | D:2      | Reached XP level 3. HP: 13/30 MP: 4/4
  2911 | D:3      | Reached skill level 1 in Stealth
  2942 | D:3      | Reached XP level 4. HP: 37/37 MP: 5/5
  3411 | D:3      | Reached ** piety under Lugonu
  3415 | D:3      | Gained mutation: You are immune to rotting. [demonic
                  | ancestry]
  3415 | D:3      | Reached XP level 5. HP: 24/42 MP: 6/6
  4185 | D:4      | Found a staircase to the Ecumenical Temple.
  4955 | D:4      | Gained mutation: You may emit foul miasma when damaged in
                  | melee. [demonic ancestry]
  4955 | D:4      | Reached XP level 6. HP: 26/48 MP: 6/8
  5280 | D:5      | Entered Level 5 of the Dungeon
  6002 | D:5      | Reached skill level 5 in Long Blades
  6414 | D:5      | Gained mutation: You have razor-sharp toenails. [demonic
                  | ancestry]
  6414 | D:5      | Reached XP level 7. HP: 31/55 MP: 10/10
  6790 | D:5      | Found Volod's Assorted Antiques.
  8278 | D:6      | Reached skill level 5 in Fighting
  8432 | D:6      | Reached skill level 5 in Invocations
  8432 | D:6      | Reached skill level 1 in Evocations
  8458 | D:6      | Noticed a hippogriff
  8472 | D:6      | Killed a hippogriff
  8472 | D:6      | Gained mutation: You are slightly more attuned to the
                  | shadows. [demonic ancestry]
  8472 | D:6      | Reached XP level 8. HP: 36/62 MP: 10/12
  9299 | D:6      | Noticed Blork the orc
  9321 | D:6      | Killed Blork the orc
  9321 | D:6      | Reached *** piety under Lugonu
 10610 | D:7      | Found a large runed translucent door.
 10610 | D:7      | Found a large runed translucent door.
 10611 | D:7      | Noticed CannibalFerox's ghost (novice DgHu)
 10662 | D:7      | Reached XP level 9. HP: 38/68 MP: 13/13
 11031 | D:7      | Found an ornate altar of the Wu Jian Council.
 11070 | D:7      | Found a sparkling altar of Nemelex Xobeh.
 11320 | D:8      | Found a shattered altar of Ashenzari.
 11496 | D:8      | Found a shimmering altar of Xom.
 11496 | D:8      | Found a glowing silver altar of Zin.
 11497 | D:8      | Found a burning altar of Makhleb.
 11632 | D:8      | Noticed a two-headed ogre
 11688 | D:8      | Killed a two-headed ogre
 12552 | D:8      | Reached skill level 10 in Long Blades
 12564 | D:8      | Gained mutation: You are surrounded by a mild repulsion
                  | field. (EV +2) [demonic ancestry]
 12564 | D:8      | Reached XP level 10. HP: 61/79 MP: 15/15
 12987 | D:8      | Found a shimmering blue altar of Sif Muna.
 13600 | D:9      | Got a pair of distressingly furry boots
 13611 | D:9      | Identified the +0 pair of boots of Ethec {-Tele rElec rC-
                  | rN+++ Str+2} (You found it on level 9 of the Dungeon)
 13941 | D:9      | Reached **** piety under Lugonu
 14189 | D:9      | Found a staircase to the Orcish Mines.
 14511 | D:9      | Found a hide-covered altar of Uskayaw.
 14595 | D:9      | Found a staircase to the Lair.
 16196 | D:10     | Entered Level 10 of the Dungeon
 16196 | D:10     | Found Gautoz's Magic Scroll Boutique.
 16204 | D:10     | Bought a scroll of enchant weapon for 90 gold pieces
 16204 | D:10     | Bought a scroll of magic mapping for 42 gold pieces
 16204 | D:10     | Bought a scroll of magic mapping for 42 gold pieces
 16259 | D:10     | Found the +12 Vampire's Tooth {vamp}
 16683 | D:10     | Gained mutation: Your flesh is heat resistant. (rF+)
                  | [demonic ancestry]
 16683 | D:10     | Reached XP level 11. HP: 84/84 MP: 16/16
 17028 | D:10     | Killed an unseen horror
 17250 | Lair:1   | Entered Level 1 of the Lair of Beasts
 18068 | Lair:2   | Found a hole to the Spider Nest.
 19049 | Lair:2   | Reached skill level 15 in Long Blades
 19172 | Lair:2   | Gained mutation: You frequently emit foul miasma when
                  | damaged in melee. [demonic ancestry]
 19172 | Lair:2   | Reached XP level 12. HP: 91/91 MP: 17/17
 19664 | Lair:3   | Noticed Prince Ribbit
 19685 | Lair:2   | Killed Prince Ribbit
 19929 | Lair:3   | Noticed a seven-headed hydra
 19943 | Lair:3   | Killed a seven-headed hydra
 19959 | Lair:3   | Noticed a seven-headed hydra
 19995 | Lair:3   | Killed a seven-headed hydra
 20529 | Lair:4   | Found a frozen archway.
 20546 | Lair:4   | Reached skill level 5 in Evocations
 20565 | IceCv    | Entered an ice cave
 20586 | IceCv    | Reached ***** piety under Lugonu
 20590 | IceCv    | Found a transporter.
 20639 | IceCv    | Found a transporter.
 20745 | Lair:4   | Noticed an eight-headed hydra
 20758 | Lair:4   | Killed an eight-headed hydra
 20826 | Lair:4   | Noticed a six-headed hydra
 20840 | Lair:4   | Killed a six-headed hydra
 20925 | Lair:4   | Noticed a catoblepas
 20933 | Lair:4   | Noticed a death yak
 20956 | Lair:4   | Killed a catoblepas
 20985 | Lair:4   | Killed a death yak
 21043 | Lair:4   | Found a staircase to the Shoals.
 21112 | Lair:4   | Reached skill level 10 in Fighting
 21973 | Lair:5   | Gained mutation: You are surrounded by a moderate repulsion
                  | field. (EV +3) [demonic ancestry]
 21973 | Lair:5   | Reached XP level 13. HP: 97/103 MP: 19/19
 23012 | Lair:4   | Identified a scroll of acquirement
 23357 | Lair:5   | Found a viscous altar of Jiyva.
 23357 | Lair:5   | Found a staircase to the Slime Pits.
 23610 | Lair:6   | Entered Level 6 of the Lair of Beasts
 23731 | Lair:6   | Identified Goimput's Compendium of Clay and Calling
 23964 | Lair:6   | Reached skill level 5 in Armour
 24433 | Lair:6   | Reached XP level 14. HP: 81/114 MP: 13/20
 27236 | D:12     | Noticed Urug
 27255 | D:12     | Killed Urug
 27271 | D:12     | Noticed Frances
 27289 | D:12     | Killed Frances
 27317 | D:12     | Reached ****** piety under Lugonu
 27684 | Orc:1    | Entered Level 1 of the Orcish Mines
 28053 | Orc:2    | Entered Level 2 of the Orcish Mines
 28400 | Orc:2    | Found a roughly hewn altar of Beogh.
 28528 | Orc:2    | Found Xatyar's Armour Emporium.
 28553 | Orc:2    | Bought the +1 cloak of Starlight {rElec rC+ EV+4 Stlth--}
                  | for 623 gold pieces
 28553 | Orc:2    | Found the +1 cloak of Starlight {rElec rC+ EV+4 Stlth--}
 28570 | Orc:2    | Found Tecweh Tajasch's Weapon Shoppe.
 29042 | Orc:2    | Noticed an orc warlord
 29042 | Orc:2    | Found a roughly hewn altar of Beogh.
 29070 | Orc:2    | Killed an orc warlord
 29210 | Orc:2    | Found Jyrif's Assorted Antiques.
 29299 | Orc:2    | Found Plog's General Store.
 29322 | Orc:2    | Bought a scroll of acquirement for 624 gold pieces
 29539 | Orc:2    | Gained mutation: You are significantly more attuned to the
                  | shadows. [demonic ancestry]
 29539 | Orc:2    | Reached XP level 15. HP: 122/122 MP: 21/21
 29678 | Orc:2    | Found a staircase to the Elven Halls.
 29869 | Orc:2    | Gained mutation: You are surrounded by a strong repulsion
                  | field. (EV +4, RMsl) [potion of mutation]
 29869 | Orc:2    | Gained mutation: You are clumsy. (Dex -2) [potion of
                  | mutation]
 29869 | Orc:2    | Gained mutation: Your muscles are strong. (Str +2) [potion
                  | of mutation]
 30028 | D:13     | Reached skill level 10 in Armour
 30605 | D:14     | Found a gate to the Vaults.
 30605 | D:14     | Noticed Nessos
 30605 | D:14     | Noticed Rupert
 30632 | D:14     | Killed Rupert
 30750 | D:14     | Killed Nessos
 31350 | D:14     | Identified Roxanne's Incunabulum of Transmigration
 31350 | D:14     | Noticed Roxanne
 31678 | D:15     | Entered Level 15 of the Dungeon
 33229 | D:15     | Reached XP level 16. HP: 103/134 MP: 22/22
 33470 | D:15     | Found a staircase to the Depths.
 34034 | Spider:1 | Entered Level 1 of the Spider Nest
 34153 | Spider:1 | Paralysed by a hornet for 3 turns
 34710 | Spider:1 | Reached skill level 15 in Fighting
 37012 | Spider:2 | Noticed Aizul
 37051 | Spider:2 | Killed Aizul
 38231 | Spider:3 | HP: 5/141 [disintegration (46)]
 38937 | Spider:3 | Noticed Donald
 38955 | Spider:3 | Killed Donald
 39556 | Spider:3 | Got a polished hunting sling
 39557 | Spider:3 | Identified the +2 hunting sling of Equilibrium {freeze,
                  | +Fly rF+ rC- MR+} (You found it on level 3 of the Spider
                  | Nest)
 40095 | Spider:4 | Entered Level 4 of the Spider Nest
 40397 | Spider:4 | Reached skill level 1 in Dodging
 40454 | Spider:4 | Gained mutation: You are immune to clouds of flame.
                  | [demonic ancestry]
 40454 | Spider:4 | Reached XP level 17. HP: 130/149 MP: 23/23
 40534 | Spider:4 | Reached skill level 1 in Throwing
 41556 | Spider:4 | Reached skill level 5 in Dodging
 41565 | Spider:4 | Paralysed by a hornet for 1 turns
 42242 | Spider:4 | Got a gossamer rune of Zot
 42746 | Spider:4 | Reached skill level 5 in Throwing
 42929 | Shoals:1 | Entered Level 1 of the Shoals
 44191 | Shoals:1 | Found Cohetak's Weapon Emporium.
 44244 | Shoals:1 | Found a runed translucent door.
 44244 | Shoals:1 | Found a shimmering altar of Xom.
 44244 | Shoals:1 | Noticed terrence's ghost (journeyman MiFi)
 44245 | Shoals:1 | Identified the +5 scimitar of the Spider Nest {chaos,
                  | Dex+5}
 44272 | Shoals:1 | Killed terrence's ghost
 46187 | Shoals:3 | Noticed Polyphemus
 46238 | Shoals:3 | Gained mutation: You have claws for feet. [demonic
                  | ancestry]
 46238 | Shoals:3 | Reached XP level 18. HP: 43/156 MP: 17/24
 46261 | Shoals:3 | Killed Polyphemus
 47648 | Shoals:4 | Entered Level 4 of the Shoals
 48583 | Shoals:4 | Identified the ring "Visex" {rPois rC+ MR+}
 50230 | Shoals:4 | Got a barnacled rune of Zot
 50767 | Elf:1    | Entered Level 1 of the Elven Halls
 52514 | Elf:1    | Identified the Grimoire of Feathers
 52517 | Elf:1    | Identified the Catalogue of the Mountains
 52528 | Elf:1    | Learned a level 2 spell: Swiftness
 52611 | Elf:1    | Reached skill level 1 in Charms
 52611 | Elf:1    | Reached skill level 1 in Air Magic
 53276 | Elf:1    | Gained mutation: You are completely attuned to the shadows.
                  | [demonic ancestry]
 53276 | Elf:1    | Reached XP level 19. HP: 147/165 MP: 25/25
 53578 | Elf:2    | Found a runed translucent gate.
 53578 | Elf:2    | Found a runed translucent gate.
 53578 | Elf:2    | Found a runed translucent gate.
 53872 | Elf:2    | Found Himaekh's Antique Armour Shop.
 54249 | Elf:2    | Reached skill level 5 in Air Magic
 54254 | Elf:2    | Reached skill level 5 in Charms
 54704 | Elf:2    | HP: 6/165 [+2 long sword of holy wrath (10)]
 55538 | Abyss:1  | Paralysed by accursed screaming for 1 turns
 55575 | Abyss:1  | HP: 6/165 [sun demon[a balrug] (7)]
 55575 | Abyss:1  | Slain by a sun demon

Levels and vault maps discovered:
D:1:      dpeg_arrival_chambers_temple_mockup, layout_rooms,
          nicolae_ashenzari_panopticon
D:2:      layout_basic
D:3:      layout_rooms, minmay_misc_feat_enclosed, kennysheep_nub, minivault_24
D:4:      layout_gridville, temple_fountains, first_ration
D:5:      layout_loops_ring, serial_shops, nicolae_shop_window_shopping
D:6:      layout_basic, uniq_blork_the_orc
D:7:      layout_rooms, nicolae_overflow_crystal_walls, kennysheep_little_box,
          ebering_ghost_disaster_area, the_bakery, grunt_decor_resistance
D:8:      layout_basic, overflow_temple_1_default,
          gammafunk_temple_overflow_claw, tgw_sif
D:9:      layout_small_grid, marbit_many_paths, dpeg_oklobed_lair, david_orc_3,
          minivault_4
D:10:     layout_cross, serial_shops, shop, minmay_guarded_unrand_vampires_tooth
D:11:     layout_irregular_city, minmay_protected_statue
D:12:     layout_rooms, uniq_frances, uniq_urug
D:13:     minmay_ambush_box, layout_basic
D:14:     layout_irregular_city, david_vaults_3, worms_lemuel, uniq_roxanne
D:15:     gammafunk_depths_entry_grave, layout_stronghold,
          minmay_misc_feat_rugged
Lair:1:   layout_chaotic_city, lemuel_fruit_tree
Lair:2:   layout_misc_corridors, spider_nest_entry_funnel_web,
          serial_bayou_shore_b, grunt_megastairs_2
Lair:3:   layout_gridlike, uniq_prince_ribbit2
Lair:4:   layout_roguey, shoals_dummy_entry, portal_ice_cave_rime,
          nicolae_lair_yak_garden, grunt_megastairs_1, serial_bayou_shore_a
Lair:5:   layout_misc_corridors, dpeg_slime_entry_enclosed_altar,
          lemuel_fruit_fields, lemuel_fruit_fields, uniq_rupert
Lair:6:   minmay_lair_end_frog_pond, layout_gridlike, infiniplex_staircase_pool
Shoals:1: layout_shoals, ebering_ghost_xom, serial_shops, shop_fountains
Shoals:2: layout_shoals
Shoals:3: layout_shoals, uniq_polyphemus
Shoals:4: shoals_end_hangedman, layout_shoals
Spider:1: layout_chambers, nicolae_spider_webs_and_nodes
Spider:2: layout_spider_delve, uniq_aizul
Spider:3: layout_spider_delve, uniq_donald
Spider:4: grunt_spider_rune_parallel, hangedman_stitches_earthworm
Orc:1:    layout_caves
Orc:2:    pubby_orc_utopia, serial_shops
Elf:1:    mu_elemental_laboratory, layout_loops_cross, hangedman_elf_disciples
Elf:2:    layout_geoelf_octagon, serial_shops, shop
Abyss:1:  base: Temple, hangedman_classic_abyss_death, bh_silent_lugonu_exit

Skill      XL: |  1  2  3  4  5  6  7  8  9 10 11 12 13 14 15 16 17 18 19 |
---------------+----------------------------------------------------------+-----
Long Blades    | 2 3 4 5 6 8 10 12 15 16 17 18 | 18.2
Stealth        | 1 2 |  2.0
Fighting       | 4 5 7 10 11 12 14 17 18 | 18.7
Invocations    | 3 4 5 7 8 |  8.2
Evocations     | 1 2 7 9 |  9.0
Armour         | 8 9 10 12 | 12.2
Dodging        | 1 7 |  7.9
Throwing       | 7 |  7.7
Charms         | 2 6 |  6.2
Air Magic      | 2 6 |  6.3

Action                   |  1- 3 |  4- 6 |  7- 9 | 10-12 | 13-15 | 16-18 | 19-21 || total
-------------------------+-------+-------+-------+-------+-------+-------+-------++-------
Melee: Falchion          |    96 |   298 |   387 |       |       |       |       ||   781
       Kick              |    15 |     6 |       |   237 |  1016 |  1053 |   184 ||  2511
       Great sword       |       |       |    81 |   191 |       |   888 |   217 ||  1377
       Quick blade       |       |       |       |   682 |  2643 |  1754 |   158 ||  5237
 Fire: Hunting sling     |       |     4 |       |       |       |       |       ||     4
Throw: Stone             |    22 |     2 |    24 |     7 |       |       |       ||    55
       Dart              |       |       |       |     6 |     3 |       |       ||     9
       Javelin           |       |       |       |       |       |    20 |       ||    20
Invok: Depart the Abyss  |     1 |       |       |       |       |       |       ||     1
       Bend Space        |       |       |     1 |     6 |     2 |     5 |       ||    14
       Banish            |       |       |       |     6 |     7 |     9 |       ||    22
       Enter the Abyss   |       |       |       |       |       |       |     1 ||     1
Evoke: Wand              |       |       |     9 |     8 |     4 |    53 |     2 ||    76
  Use: Scroll            |       |     5 |     7 |     5 |    19 |     7 |       ||    43
       Potion            |       |     1 |       |     3 |     3 |    13 |     6 ||    26
 Stab: Paralysed         |       |       |       |     3 |     1 |       |       ||     4
       Distracted        |       |       |       |       |     1 |     1 |     1 ||     3
       Invisible         |       |       |       |       |       |     7 |       ||     7
       Petrified         |       |       |       |       |       |     7 |       ||     7
  Eat: Chunk             |     2 |     9 |    12 |    18 |    24 |    29 |     3 ||    97
       Ration            |     1 |     1 |     5 |     3 |     5 |    11 |     2 ||    28
Armor: Leather armour    |     7 |       |       |       |       |       |       ||     7
       Chain mail        |    53 |   190 |   261 |   245 |       |   300 |   102 ||  1151
       Plate armour      |       |       |       |    21 |   706 |   541 |       ||  1268
Dodge: Dodged            |    54 |   107 |   137 |   259 |   943 |  1740 |   258 ||  3498
       Deflected         |       |       |       |       |    20 |    72 |     4 ||    96
       Rpst.: Falchion   |    17 |    38 |    34 |       |       |       |       ||    89
       Great sword       |       |       |    10 |    30 |       |   166 |    51 ||   257
